 Dungeon Crawl Stone Soup version 0.30-a0-1104-g706747fef1 (webtiles) character file.

Game seed: 13177065110245016343

260574 b0ghi87 the Slayer (level 20, -7/171 HPs)
             Began as a Djinni Conjurer on Apr 17, 2023.
             Was the Champion of Makhleb.
             Mangled by a quicksilver ooze (22 damage)
             ... created by the Royal Jelly
             ... on level 5 of the Pits of Slime on Apr 19, 2023.
             The game lasted 03:18:00 (30338 turns).

b0ghi87 the Slayer (Djinni Conjurer)               Turns: 30338, Time: 03:18:00

Health: -7/171     AC:  2    Str:  4      XL:     20   Next: 74%
Gold:   2853       EV:  7    Int: 32 (33) God:    Makhleb [******] SH: 18 Dex: 15

rFire   + + +      SeeInvis .    g - staff of conjuration
rCold   x . .      Faith    .    d - +3 tower shield {AC+3}
rNeg    . . .      Spirit   .    C - +0 acid dragon scales
rPois   ∞          Reflect  .    S - +1 hat of Hide-and-Seek {rElec Int+3}
rElec   +          Rampage  .    j - scarf {shadows}
rCorr   +          Rnd*Tele +    W - +0 pair of gloves
Will    +++..                    (boots unavailable)
Stlth   +++++                    x - amulet of regeneration
HPRegen 1.28/turn                l - ring of Virtue {rPois Int+6}
MPRegen 0.00/turn                U - ring of Bodily Harmony {rF+ rC+ Will+ Dex+2}

@: about to teleport, marked, corroded, flying, unable to drink
A: sickness immunity, fire resistance 2, cold vulnerability 2, float, innate
caster, HP casting, extra vitality 1, deformed body, deterioration 1, dopey 2,
screaming 1, teleportitis 2, weak 1, inability to drink after injury 1
}: 2/15 runes: decaying, gossamer
a: Renounce Religion, Minor Destruction, Lesser Servant of Makhleb, Major
Destruction, Greater Servant of Makhleb


You were on level 5 of the Pits of Slime.
You worshipped Makhleb.
Makhleb was exalted by your worship.
You visited 9 branches of the dungeon, and saw 38 of its levels.
You also visited: Volcano.

You collected 3111 gold pieces.
You spent 258 gold pieces at shops.

Inventory:

Armour
 d - a +3 tower shield of protection (worn)
 j - a scarf of shadows (worn)
 y - a +2 robe of cold resistance
 A - the +5 helmet of the Enchanted Forest {+Inv rPois}
   (You found it on level 2 of the Spider Nest)

   rPois:     It protects you from poison.
   +Inv:      It lets you turn invisible.
 C - +0 acid dragon scales (worn)
 K - a +4 troll leather armour
 R - a +2 robe of the Archmagi
 S - the +1 hat of Hide-and-Seek (worn) {rElec Int+3}
   (You found it on level 4 of the Spider Nest)

   Int:       It affects your intelligence (+3).
   rElec:     It insulates you from electricity.
 W - a +0 pair of gloves (worn)
Magical Staves
 g - a staff of conjuration (weapon)
 Z - a staff of earth
Jewellery
 l - the ring of Virtue (left hand) {rPois Int+6}
   (You acquired it on level 10 of the Dungeon)

   [ring of intelligence]

   Int:       It affects your intelligence (+6).
   rPois:     It protects you from poison.
 m - the macabre finger necklace {Finger+ rN+}
   (You found it on level 3 of the Swamp)

   [amulet of nothing]

   Finger+:   It enables you to equip an extra ring.
   rN:        It protects you from negative energy.
 s - a ring of protection from cold
 w - a ring of protection from cold
 x - an amulet of regeneration (around neck)
 F - a ring of resist corrosion
 U - the ring of Bodily Harmony (right hand) {rF+ rC+ Will+ Dex+2}
   (You acquired it on level 3 of the Lair of Beasts)

   [ring of protection from fire]

   Dex:       It affects your dexterity (+2).
   rF:        It protects you from fire.
   rC:        It protects you from cold.
   Will:      It increases your willpower.
Wands
 n - a wand of flame (47)
 O - a wand of roots (32)
 T - a wand of acid (3)
 V - a wand of digging (9)
Scrolls
 b - 5 scrolls of fog {unknown}
 c - 12 scrolls of enchant weapon
 k - 7 scrolls of teleportation
 r - 2 scrolls of brand weapon {unknown}
 t - 3 scrolls of blinking {unknown}
 u - 5 scrolls of silence
 v - 4 scrolls of immolation
 z - 2 scrolls of torment {unknown}
 H - 3 scrolls of fear
 J - 5 scrolls of vulnerability
 L - 7 scrolls of magic mapping {unknown}
 Q - 5 scrolls of poison
Potions
 a - 8 potions of lignification
 e - 5 potions of brilliance
 f - 6 potions of attraction
 h - 7 potions of mutation {unknown}
 i - 6 potions of cancellation
 o - 10 potions of might
 p - 9 potions of ambrosia
 q - 14 potions of curing
 B - 4 potions of berserk rage
 D - 3 potions of flight {unknown}
 E - 2 potions of invisibility
 G - 2 potions of resistance {unknown}
 I - 5 potions of haste
 M - 2 potions of degeneration {unknown}
 N - 4 potions of magic {unknown}
 P - 6 potions of heal wounds


   Skills:
 * Level 23.3 Fighting
 + Level 7.4 Armour
 - Level 2.1 Dodging
 - Level 14.0 Stealth
 * Level 7.5 Shields
 + Level 17.1 Spellcasting


You knew the following spells:

 Your Spells              Type           Power      Damage    Failure   Level
a - Magic Dart            Conj           100%       1d8       1%          1
b - Searing Ray           Conj           100%       2d8       1%          2
c - Dazzling Flash        Conj/Hex       100%       N/A       1%          3
d - Fulminant Prism       Conj/Hex       58%        3d24      1%          4
e - Iskenderun's Mystic   Conj/Tloc      100%       2d19      1%          4
f - Apportation           Tloc           100%       N/A       1%          1
g - Call Imp              Summ           100%       N/A       1%          2
h - Momentum Strike       Conj/Tloc      100%       3d10      1%          2
i - Summon Guardian Gole  Hex/Summ       95%        N/A       1%          3
j - Manifold Assault      Tloc           95%        N/A       1%          4
k - Agony                 Necr           95%        N/A       1%          5
l - Statue Form           Tmut/Erth      63%        N/A       3%          6
m - Starburst             Conj/Fire      58%        6d16      3%          6
n - Summon Cactus Giant   Summ           47%        N/A       3%          6
Your spell library was empty.

Dungeon Overview and Level Annotations

Branches:
Dungeon (15/15)            Temple (1/1) D:4            Lair (5/5) D:10
  Swamp (4/4) Lair:2       Spider (4/4) Lair:3        Slime (5/5) Lair:5
    Orc (2/2) D:9             Elf (1/3) Orc:2        Vaults (0/5) D:14
 Depths (1/4) D:15        Volcano (visited)

Altars:
Ashenzari
Cheibriados
Dithmenos
Elyvilon
Fedhas
Gozag
Hepliaklqana
Makhleb
Nemelex Xobeh
Okawaru
Qazlal
Ru
Trog
Uskayaw
Wu Jian
Xom
Yredelemnul
Zin
The Shining One
Jiyva

Shops:
D:1 (   D:7 !   D:13 =   Orc:2 *[:(

Annotations:
D:13 2 runed translucent doors, Zeoj's ghost, novice FeDe
Swamp:1 3 runed translucent doors, svtm's ghost, journeyman MiFi
Spider:1 3 runed translucent doors, SlaveLabor's ghost, adept GrFE
Slime:5 Royal Jelly


Innate Abilities, Weirdness & Mutations

You are immune to sickness and miasma.
You are immune to poison.
Your flesh is very heat resistant. (rF++)
You are very vulnerable to cold. (rC--)
You float through the air rather than walking.
You learn spells naturally, not from books.
Your magical power is your life essence.
You have superior vitality. (+4 MHP)
Armour fits poorly on your strangely shaped body.
Your body sometimes deteriorates upon taking damage.
You are very dopey. (Int -4)
You occasionally shout uncontrollably at your foes.
You are often teleported next to monsters.
You are weak. (Str -2)
You occasionally lose the ability to drink potions when taking damage.


Message History

The acid blob is heavily wounded.
The mystic blast hits the quicksilver ooze!
The quicksilver ooze is almost dead.
The mystic blast hits the azure jelly.
The azure jelly is moderately wounded.
The azure jelly is knocked back by the mystic blast.
The azure jelly slams into the rune-carved stone wall!
The azure jelly is heavily wounded.
The mystic blast hits the rockslime.
The rockslime is lightly wounded.
The mystic blast hits the acid blob!
The acid blob is heavily wounded.
The acid blob is knocked back by the mystic blast.
The mystic blast hits the acid blob!
The acid blob is lightly wounded.
The acid blob is knocked back by the mystic blast.
The acid blob slams into the rune-carved stone wall!
The acid blob is lightly wounded.
The mystic blast hits the acid blob!!
The acid blob is moderately wounded.
The acid blob is knocked back by the mystic blast.
The mystic blast hits the rockslime but does no damage.
* * * LOW HITPOINT WARNING * * *
The golden eye blinks at you. You resist with almost no effort.
The golden eye sets off the alarm!
The alarm trap emits a blaring wail!
A sentinel's mark forms upon you. You block the rockslime's attack. x2
The golden eye blinks at you.
You easily resist.
The rockslime jiggles.
The rockslime hits you.
* * * LOW HITPOINT WARNING * * *
You hold your ground!
You block the rockslime's attack. You block the acid blob's attack.
The golden eye blinks at you. You resist with almost no effort.
The golden eye blinks at you. You resist with almost no effort.
The quicksilver ooze hits you!!
You die...

##[(/ #.# ......
#$:$##..## ........
![)/)#.##) ##J......
$$|!##..## ........
#$)#)##.#) ..J.....
######..## ####J......
#...#*._.# #JJ@JG.....
..#...JJJ..#JJJ#JJJ.....
######..#########.......
#/?#)##.#/# #..G....
/?)[##..## #.......
?|())#.##[ ##.......
#$/!##..## ##........
##)!) #.# ##......... .
#. ##..........


You could see 4 acid blobs, 2 azure jellies, 2 slime creatures, 2 rockslimes, 2
quicksilver oozes and 2 golden eyes.

Vanquished Creatures
  Dissolution (Slime:4)
  Saint Roka (Orc:2)
  Mlioglotl (Spider:4)
  A tentacled monstrosity (Swamp:4)
  Asterion (Spider:4)
  14 acid blobs
  The ghost of Jiad Xun the Warrior, an adept MiBe of Trog (Swamp:3)
  A thorn hunter (Swamp:1)
  Roxanne (Spider:2)
  8 rockslimes
  7 azure jellies
  5 emperor scorpions
  Louise (Swamp:4)
  2 ghost moths
  8 broodmothers
  An orc warlord (Orc:2)
  2 ghouls (Swamp:4)
  6 quicksilver oozes
  4 eleionomae
  A bunyip (Swamp:4)
  Snorg (D:12)
  A fire dragon (Lair:5)
  2 great orbs of eyes
  A spriggan air mage (Swamp:3)
  Fannar (Lair:2)
  5 entropy weavers
  Harold (D:9)
  2 shambling mangroves (Swamp:4)
  An ogre mage (D:15)
  18 hydras
  A ghost crab (Swamp:4)
  2 jorogumos
  5 alligators
  6 centaur warriors
  6 boulder beetles
  4 radroaches
  4 two-headed ogres
  9 death yaks
  A death knight (D:15)
  2 spriggan berserkers
  3 orc high priests (Orc:2)
  20 spriggans
  Nergalle (Lair:2)
  A skyshark (Lair:5)
  A shadow wraith (D:14)
  2 skeletal warriors (Volcano)
  4 pharaoh ants
  Amaemon (Lair:2)
  4 goliath frogs
  A sun moth (Spider:3)
  4 spriggan druids
  6 orb spiders
  3 wizards
  A deep troll (D:14)
  Pikel (D:8)
  13 bog bodies
  3 orc knights (Orc:2)
  2 lindwurms
  A necromancer (D:15)
  3 deep elf pyromancers
  10 swamp dragons
  A wolf spider zombie (D:15)
  4 steelbarb worms
  6 cyclopes
  7 shining eyes
  3 anaconda skeletons (Volcano)
  6 orc sorcerers
  2 manticores
  20 wolf spiders
  15 ugly things
  15 elephants
  2 moths of wrath
  5 will-o-the-wisps
  6 black mambas
  A naga mage (D:15)
  Maurice (D:8)
  4 torpor snails
  7 demonic crawlers
  6 gargoyles
  An orange demon (Lair:2)
  13 cane toads
  2 molten gargoyles (Lair:5)
  2 rime drakes
  9 komodo dragons
  2 kobold demonologists (D:12)
  An efreet (D:14)
  3 freezing wraiths
  3 tengu conjurers (D:13)
  11 meliai
  2 bloated husks (Swamp:2)
  3 hydra zombies (Swamp:1)
  A polar bear (Lair:5)
  4 tyrant leeches
  A harpy skeleton (Volcano)
  7 trolls
  A wolf spider simulacrum (D:15)
  14 blink frogs
  Prince Ribbit (D:8)
  13 hornets
  25 tarantellas
  23 jumping spiders
  6 dream sheep (Lair:3)
  2 vampires
  63 slime creatures
  8 shadows
  3 flying skulls (Volcano)
  3 water elementals (D:15)
  9 wyverns
  28 culicivoras
  4 wraiths
  4 steam dragons
  60 yaks
  47 redbacks
  3 basilisks
  8 golden eyes
  10 vampire mosquitoes
  21 swamp worms
  2 wargs (Orc:2)
  2 acid dragons
  Duvessa (D:6)
  3 hell hounds (Lair:5)
  13 water moccasins
  7 swamp drakes
  31 orc warriors
  3 ice beasts
  5 sky beasts
  9 ogres
  19 wolves
  18 centaurs
  4 kobold brigands
  A necrophage (Swamp:4)
  2 scorpions (D:5)
  13 bullfrogs
  A gnoll sergeant (D:7)
  A hornet simulacrum (D:15)
  Dowan (D:6)
  15 killer bees
  An electric eel (D:15)
  2 troll skeletons (Volcano)
  2 howler monkeys
  5 lava snakes (Lair:5)
  A crimson imp (D:8)
  2 jellies
  5 hounds
  21 orc priests
  A gnoll bouda (Orc:1)
  Jessica (D:2)
  A sleepcap (D:6)
  26 orc wizards
  6 iguanas
  A boggart skeleton (D:15)
  5 naga skeletons (Volcano)
  Robin (D:2)
  10 gnolls
  9 adders
  3 shadow imps (D:6)
  A white imp (D:7)
  3 worms
  A dart slug (D:4)
  101 orcs
  8 ball pythons
  6 endoplasms
  2 giant cockroaches (D:4)
  16 goblins
  6 hobgoblins
  2 jackals (D:1)
  3 quokkas
  8 bats
  4 frilled lizards
  32 kobolds
  10 rats
  A butterfly (Lair:1)
  3 fulminant prisms
1218 creatures vanquished.

Vanquished Creatures (collateral kills)
  A spriggan berserker (Swamp:3)
  A spriggan druid (Swamp:4)
  2 hornets
  A spriggan (Swamp:3)
5 creatures vanquished.

Vanquished Creatures (others)
  A deep elf pyromancer (D:12)
  2 bloated husks
  A demonic plant (D:2)
  12 foxfires (Swamp:4)
  611 fulminant prisms
  41 fungi
  71 plants
739 creatures vanquished.

Grand Total: 1962 creatures vanquished

Notes
Turn   | Place    | Note
-------+----------+-------------------------------------------
     0 | D:1      | b0ghi87 the Djinni Conjurer began the quest for the Orb.
     0 | D:1      | b0ghi87 set off with the following spells memorised: Magic
                  | Dart, Searing Ray, Dazzling Flash, Fulminant Prism,
                  | Iskenderun's Mystic Blast.
     0 | D:1      | Reached XP level 1. HP: 15/15 MP: 0/0
   103 | D:1      | Reached XP level 2. HP: 18/22 MP: 0/0
   154 | D:1      | Found Jaciutuc's Weapon Emporium.
   189 | D:1      | Reached skill level 1 in Fighting
   191 | D:1      | Reached XP level 3. HP: 22/27 MP: 0/0
   191 | D:1      | Learned a level 1 spell: Apportation
   803 | D:2      | Reached skill level 2 in Fighting
   803 | D:2      | Reached XP level 4. HP: 32/33 MP: 0/0
   927 | D:2      | Found a faded altar of an unknown god.
  1304 | D:2      | Noticed Robin
  1311 | D:2      | Killed Robin
  1316 | D:2      | Reached XP level 5. HP: 28/39 MP: 0/0
  1316 | D:2      | Learned a level 2 spell: Call Imp
  1382 | D:2      | Noticed Jessica
  1384 | D:2      | Killed Jessica
  1810 | D:3      | Reached skill level 3 in Fighting
  2280 | D:3      | Reached XP level 6. HP: 28/46 MP: 0/0
  3009 | D:4      | Found a staircase to the Ecumenical Temple.
  3020 | Temple   | Entered the Ecumenical Temple
  3164 | D:4      | Noticed an ogre
  3172 | D:4      | Killed an ogre
  3173 | D:4      | Reached XP level 7. HP: 40/51 MP: 0/0
  3173 | D:4      | Learned a level 2 spell: Momentum Strike
  3254 | D:4      | Reached skill level 4 in Fighting
  3552 | D:5      | Entered Level 5 of the Dungeon
  3662 | D:5      | Reached skill level 5 in Spellcasting
  3807 | D:5      | Reached skill level 5 in Fighting
  3807 | D:5      | Reached XP level 8. HP: 30/59 MP: 0/0
  3980 | D:5      | Found a sparkling altar of Nemelex Xobeh.
  4528 | D:6      | Noticed Duvessa
  4528 | D:6      | Noticed Dowan
  4537 | D:6      | Killed Duvessa
  4538 | D:6      | Reached skill level 6 in Fighting
  4723 | D:6      | Killed Dowan
  4959 | D:6      | Found a blossoming altar of Fedhas.
  4967 | D:6      | Reached XP level 9. HP: 40/67 MP: 0/0
  4967 | D:6      | Learned a level 3 spell: Summon Guardian Golem
  5427 | D:6      | Reached skill level 7 in Fighting
  5501 | D:6      | Reached skill level 5 in Stealth
  5831 | D:6      | Found a basalt altar of Yredelemnul.
  5832 | D:6      | Found an opulent altar of Gozag.
  5895 | D:6      | Reached skill level 8 in Fighting
  5952 | D:6      | Reached XP level 10. HP: 76/76 MP: 0/0
  6200 | D:7      | Found a broken altar of Ashenzari.
  6397 | D:7      | Reached skill level 9 in Fighting
  6412 | D:7      | Found Dufuopt's Distillery.
  6430 | D:7      | Bought a potion of curing for 42 gold pieces
  6430 | D:7      | Bought a potion of curing for 42 gold pieces
  6430 | D:7      | Bought a potion of curing for 42 gold pieces
  6430 | D:7      | Bought a potion of curing for 42 gold pieces
  6646 | D:8      | Noticed Prince Ribbit
  6660 | D:8      | Killed Prince Ribbit
  6755 | D:8      | Noticed Maurice
  6760 | D:8      | Killed Maurice
  6956 | D:8      | Noticed Pikel
  6968 | D:8      | Killed Pikel
  6969 | D:8      | Reached skill level 10 in Fighting
  6969 | D:8      | Reached XP level 11. HP: 64/85 MP: 0/0
  6969 | D:8      | Learned a level 4 spell: Manifold Assault
  7121 | D:8      | Found a burning altar of Makhleb.
  7129 | D:8      | Became a worshipper of Makhleb the Destroyer
  7322 | D:9      | Noticed Harold
  7556 | D:9      | Reached * piety under Makhleb
  7625 | D:9      | Found Zin's Purification Station.
  7625 | D:9      | Found a glowing silver altar of Zin.
  7631 | D:9      | Bought a potion of curing for 90 gold pieces
  7688 | D:9      | Reached skill level 11 in Fighting
  7688 | D:9      | Found a staircase to the Orcish Mines.
  7793 | D:9      | Found a bloodstained altar of Trog.
  7942 | D:9      | Killed Harold
  8243 | D:10     | Entered Level 10 of the Dungeon
  8342 | D:10     | Noticed a two-headed ogre
  8345 | D:10     | Reached XP level 12. HP: 91/94 MP: 0/0
  8347 | D:10     | Killed a two-headed ogre
  8393 | D:10     | Found a sacrificial altar of Ru.
  8619 | D:10     | Reached ** piety under Makhleb
  8700 | D:10     | Found a stormy altar of Qazlal.
  8731 | D:10     | Noticed a death yak
  8737 | D:10     | Noticed a death yak
  8739 | D:10     | Noticed a death yak
  8742 | D:10     | Killed a death yak
  8748 | D:10     | Killed a death yak
  8749 | D:10     | Reached skill level 12 in Fighting
  8749 | D:10     | Killed a death yak
  8750 | D:10     | Reached skill level 10 in Spellcasting
  8782 | D:10     | Found a staircase to the Lair.
  8978 | D:11     | Noticed a two-headed ogre
  8984 | D:11     | Killed a two-headed ogre
  9713 | D:12     | Noticed Snorg
  9713 | D:12     | Noticed a boulder beetle
  9826 | D:12     | Noticed a sixfirhy
  9833 | D:12     | Noticed a soul eater
  9834 | D:12     | Killed Snorg
  9846 | D:12     | Killed a boulder beetle
  9957 | D:12     | Reached *** piety under Makhleb
  9989 | D:12     | Reached skill level 13 in Fighting
  9989 | D:12     | Reached XP level 13. HP: 103/103 MP: 0/0
  9989 | D:12     | Learned a level 5 spell: Agony
 10598 | D:13     | Found a runed translucent door.
 10598 | D:13     | Noticed a storm dragon
 10600 | D:13     | Noticed a centaur warrior
 10600 | D:13     | Noticed a six-headed hydra
 10626 | D:13     | Killed a six-headed hydra
 10632 | D:13     | Killed a centaur warrior
 10633 | D:13     | Reached skill level 14 in Fighting
 10665 | D:13     | Noticed an ettin
 10705 | D:13     | Noticed an anaconda
 10712 | D:13     | Noticed a radroach
 10737 | D:13     | Noticed a jorogumo
 10738 | D:13     | a jorogumo changed into an anaconda
 10738 | D:13     | Noticed an anaconda (glowing shapeshifter)
 10811 | D:13     | Noticed a seven-headed hydra
 10824 | D:13     | Killed a seven-headed hydra
 10824 | D:13     | Noticed a centaur warrior
 10831 | D:13     | Killed a centaur warrior
 10923 | D:13     | Noticed a centaur warrior
 10936 | D:13     | Killed a centaur warrior
 10990 | D:13     | Reached skill level 15 in Fighting
 11021 | D:13     | Found a runed translucent door.
 11021 | D:13     | Noticed Zeoj's ghost (novice FeDe)
 11141 | D:13     | Found Ocefuoz's Jewellery Emporium.
 11508 | D:14     | Reached XP level 14. HP: 114/114 MP: 0/0
 11524 | D:14     | Reached **** piety under Makhleb
 11675 | D:14     | Reached skill level 16 in Fighting
 11687 | D:14     | Reached skill level 10 in Stealth
 11770 | D:14     | Identified the +1 leather armour of the Bright God {rF+
                  | Dex+5}
 11835 | D:14     | Found a gate to the Vaults.
 12411 | D:15     | Entered Level 15 of the Dungeon
 12444 | D:15     | Reached skill level 17 in Fighting
 12627 | D:15     | Found a staircase to the Depths.
 13283 | D:15     | Paralysed by an ogre mage for 2 turns
 13601 | Depths:1 | Entered Level 1 of the Depths
 13601 | Depths:1 | Noticed a vampire knight
 13807 | D:10     | Identified a scroll of acquirement
 13808 | D:10     | Acquired the ring of Virtue {rPois Int+6}
 13840 | Lair:1   | Entered Level 1 of the Lair of Beasts
 13846 | Lair:1   | Reached skill level 18 in Fighting
 13850 | Lair:1   | Reached XP level 15. HP: 126/126 MP: 0/0
 13850 | Lair:1   | Learned a level 6 spell: Statue Form
 14010 | Lair:1   | Reached ***** piety under Makhleb
 14125 | Lair:1   | Found a dark tunnel.
 14135 | Volcano  | Entered a volcano
 14872 | Lair:2   | Noticed Amaemon
 14887 | Lair:2   | Killed Amaemon
 14972 | Lair:2   | You are sucked into a shaft and drop 1 floor!
 15137 | Lair:3   | Found a hole to the Spider Nest.
 15164 | Lair:3   | Acquired the ring of Bodily Harmony {rF+ rC+ Will+ Dex+2}
 16023 | Lair:4   | Reached skill level 19 in Fighting
 16720 | Lair:5   | Entered Level 5 of the Lair of Beasts
 16915 | Lair:5   | Reached XP level 16. HP: 135/135 MP: 0/0
 16974 | Lair:5   | Reached ****** piety under Makhleb
 17488 | Lair:5   | Found a large runed translucent door.
 17488 | Lair:5   | Found a large runed translucent door.
 17725 | Lair:5   | Found a viscous altar of Jiyva.
 17725 | Lair:5   | Found a staircase to the Slime Pits.
 17856 | Lair:5   | Upgraded the game from 0.30-a0-1093-gcfb1e0cf12 to
                  | 0.30-a0-1102-g2dbb833546
 17988 | Spider:1 | Entered Level 1 of the Spider Nest
 18188 | Lair:3   | Reached skill level 20 in Fighting
 18269 | Spider:1 | Found a runed translucent gate.
 18269 | Spider:1 | Found a runed translucent gate.
 18271 | Spider:1 | Found a runed translucent gate.
 18272 | Spider:1 | Noticed SlaveLabor's ghost (adept GrFE)
 18854 | Spider:2 | Identified the +5 helmet of the Enchanted Forest {+Inv
                  | rPois}
 18959 | Spider:2 | Noticed an emperor scorpion
 18959 | Spider:2 | Noticed an emperor scorpion
 18977 | Spider:1 | Killed an emperor scorpion
 18978 | Spider:1 | Reached XP level 17. HP: 45/143 MP: 0/0
 18978 | Spider:1 | Learned a level 6 spell: Starburst
 19514 | Spider:2 | Identified Roxanne's Incunabulum of Geomancy
 19514 | Spider:2 | Noticed Roxanne
 19561 | Spider:2 | Killed Roxanne
 19868 | Spider:3 | Reached skill level 15 in Spellcasting
 20347 | Spider:4 | Entered Level 4 of the Spider Nest
 20415 | Spider:4 | Noticed Asterion
 20418 | Spider:4 | Noticed an Executioner
 20896 | Spider:4 | Killed Asterion
 21232 | Spider:4 | Reached skill level 21 in Fighting
 21247 | Spider:4 | Noticed Mlioglotl
 21258 | Spider:4 | Killed Mlioglotl
 21280 | Spider:4 | Reached XP level 18. HP: 153/153 MP: 0/0
 21527 | Spider:4 | Got a gossamer rune of Zot
 21540 | Spider:4 | Identified the +1 hat of Hide-and-Seek {rElec Int+3}
 21761 | Lair:2   | Reached skill level 1 in Armour
 21900 | Lair:2   | Found a staircase to the Swamp.
 21949 | Lair:2   | Noticed Fannar
 21954 | Lair:2   | Killed Fannar
 22068 | Lair:2   | Noticed Nergalle
 22072 | Lair:2   | Killed Nergalle
 22315 | Swamp:1  | Entered Level 1 of the Swamp
 22777 | Swamp:1  | Noticed a tentacled monstrosity
 22778 | Swamp:1  | Found a runed translucent gate.
 22778 | Swamp:1  | Found a runed translucent gate.
 22778 | Swamp:1  | Found a runed translucent gate.
 22779 | Swamp:1  | Noticed svtm's ghost (journeyman MiFi)
 22954 | Swamp:1  | Noticed a tentacled monstrosity
 23249 | Swamp:2  | Found the +3 robe of Clouds {*Thunder rCloud rElec}
 23896 | Swamp:3  | Found a runed translucent gate.
 24232 | Swamp:3  | Found a runed translucent gate.
 24232 | Swamp:3  | Found a runed translucent gate.
 24234 | Swamp:3  | Noticed Jiad Xun's ghost (adept MiBe)
 24235 | Swamp:3  | Found the macabre finger necklace {Finger+ rN+}
 24372 | Swamp:3  | Killed Jiad Xun's ghost
 24442 | Swamp:4  | Entered Level 4 of the Swamp
 24654 | Swamp:4  | Reached XP level 19. HP: 160/160 MP: 0/0
 24654 | Swamp:4  | Learned a level 6 spell: Summon Cactus Giant
 24655 | Swamp:4  | Noticed a tentacled monstrosity
 24660 | Swamp:4  | Reached skill level 22 in Fighting
 24667 | Swamp:4  | Killed a tentacled monstrosity
 24976 | Swamp:4  | Got a decaying rune of Zot
 25039 | Swamp:4  | Noticed Louise
 25054 | Swamp:4  | Killed Louise
 25322 | Swamp:4  | Reached skill level 5 in Armour
 25612 | Swamp:3  | Reached skill level 1 in Shields
 25912 | Orc:1    | Entered Level 1 of the Orcish Mines
 26206 | Orc:2    | Entered Level 2 of the Orcish Mines
 26206 | Orc:2    | Found a staircase to the Elven Halls.
 26395 | Orc:2    | Noticed Saint Roka
 26415 | Orc:2    | Killed Saint Roka
 26696 | Orc:2    | Found Bipupimytz's Antique Armour Emporium.
 26697 | Orc:2    | Found Satal's Antique Weapon Shoppe.
 26698 | Orc:2    | Found Mutom's General Store.
 26698 | Orc:2    | Found Poatreh's Book Emporium.
 26940 | Elf:1    | Entered Level 1 of the Elven Halls
 27271 | Slime:1  | Entered Level 1 of the Pits of Slime
 27281 | Slime:1  | Gained mutation: You are occasionally teleported next to
                  | monsters. [a shining eye]
 27283 | Slime:1  | Gained mutation: You have hidden genetic defects. [a
                  | shining eye]
 27286 | Slime:1  | Gained mutation: You are dopey. (Int -2) [a shining eye]
 27287 | Slime:1  | Lost mutation: You are occasionally teleported next to
                  | monsters. [a shining eye]
 27290 | Slime:1  | Gained mutation: You occasionally shout uncontrollably at
                  | your foes. [a shining eye]
 27316 | Slime:1  | Gained mutation: Armour fits poorly on your strangely
                  | shaped body. [a shining eye]
 27477 | Lair:5   | Upgraded the game from 0.30-a0-1102-g2dbb833546 to
                  | 0.30-a0-1104-g706747fef1
 28431 | Slime:2  | Gained mutation: You are very dopey. (Int -4) [hidden
                  | defects]
 28466 | Slime:2  | Reached XP level 20. HP: 161/169 MP: 0/0
 28551 | Slime:2  | Reached skill level 5 in Shields
 28829 | Slime:1  | Gained mutation: You are occasionally teleported next to
                  | monsters. [a shining eye]
 29163 | Slime:3  | Gained mutation: You are weak. (Str -2) [a shining eye]
 29172 | Slime:3  | Gained mutation: You occasionally lose the ability to drink
                  | potions when taking damage. [a shining eye]
 29690 | Slime:4  | Noticed Dissolution
 29702 | Slime:4  | Killed Dissolution
 29703 | Slime:4  | Reached skill level 23 in Fighting
 29875 | Slime:4  | Gained mutation: You are often teleported next to monsters.
                  | [hidden defects]
 29875 | Slime:4  | Lost mutation: You have hidden genetic defects. [hidden
                  | defects expressed]
 30090 | Slime:5  | Entered Level 5 of the Pits of Slime
 30120 | Slime:5  | Gained mutation: You are very vulnerable to cold. (rC--) [a
                  | shining eye]
 30121 | Slime:5  | Noticed the Royal Jelly
 30274 | Slime:5  | Found a viscous altar of Jiyva.
 30279 | Slime:5  | Gained mutation: Your body sometimes deteriorates upon
                  | taking damage. [a shining eye]
 30338 | Slime:5  | Mangled by a quicksilver ooze

Illustrated notes

Levels and vault maps discovered:
D:1:      dpeg_arrival_shelter, layout_basic, serial_shops,
          nicolae_shop_tiny_real_fake_doors
D:2:      layout_loops_corners, shapermc_ecumenical_altar_gd, uniq_jessica,
          uniq_robin
D:3:      layout_basic, hex_medium, lexackson_kobold_supper
D:4:      layout_loops_cross, minmay_temple_entry_glassed_door,
          chequers_big_river
D:5:      layout_loops_ring, nicolae_sif_muna_condensation,
          nemelex_xobeh_ov_fountains_minmay
D:6:      layout_loops_cross, fedhas_bush_and_centaur_altar,
          nicolae_overflow_two_pavilions, st_stairs_1, uniq_duvessa
D:7:      layout_rooms, nicolae_ashenzari_skybound, serial_shops,
          nicolae_shop_industrial_runoff
D:8:      layout_loops_cross, old_standard_altar, makhleb_grotto_becter,
          item_on_display_b, uniq_pikel, uniq_prince_ribbit1, uniq_maurice
D:9:      layout_cave_pools, mainiacjoe_overflow_chevrons, zin_purify,
          david_orc_5, serial_co_window_serial, co_window_paths_a,
          co_window_corner_a, co_window_corner_a, co_window_paths_a,
          co_window_corner_a, co_window_of_opportunity_b, co_window_corner_ca,
          co_window_broadway_a, co_window_corner_b, co_window_2corner,
          co_window_unsneaky_path_a, co_window_unsneaky_path_e, uniq_harold
D:10:     layout_roguey, nicolae_ru_sacrificial_ziggurat, kennysheep_mini,
          dpeg_lair_monsters, serial_park_tiny_pond, minivault_16,
          nicolae_titane
D:11:     layout_loops_cross
D:12:     layout_loops_ring, roderic_lattice_a, uniq_snorg
D:13:     layout_roguey, ebering_ghost_inner_flame, serial_shops,
          kennysheep_little_box, minmay_hidden_floor
D:14:     layout_long_grid, david_vaults_4, nicolae_eternal_life,
          lightli_corner_chamber
D:15:     grunt_enter_depths_magical_seal, layout_cave_pods, serial_bayou,
          serial_bayou_pond_e, serial_bayou_ford_a, serial_bayou_pond_e,
          serial_bayou_crossing, chequers_serial_rivers_marsh,
          nrook_pool_corridor
Temple:   nicolae_temple_two_arcs
Lair:1:   layout_hall_layers, enter_volcano_2, lemuel_fruit_fields
Lair:2:   layout_chaotic_city, minmay_swamp_entry_reptiles, uniq_fannar,
          uniq_nergalle, uniq_amaemon
Lair:3:   layout_regular_city, hellmonk_spider_entry_not_the_bees, st_stairs_5,
          grunt_megastairs_1
Lair:4:   layout_roguey, basic_altar
Lair:5:   cheibrodos_lair_end_hotspot, layout_hall_layers,
          dpeg_slime_entry_enclosed
Swamp:1:  layout_basic_swamp, gammafunk_ghost_split,
          nicolae_swamp_ascending_descending_big,
          nicolae_swamp_necromancy_gone_wrong
Swamp:2:  layout_basic_swamp, evilmike_swamp_ruin_house_4
Swamp:3:  nicolae_swamp_secret_spriggan_hideout, layout_basic_swamp,
          gammafunk_ghost_hydra_chop, hangedman_swamp_ruin_wall,
          infiniplex_staircase_pool
Swamp:4:  swamp_basic_johnstein, layout_basic_swamp,
          infiniplex_staircase_pool_2, uniq_louise
Spider:1: layout_spider_delve, gammafunk_ghost_split
Spider:2: layout_cave_pods, uniq_roxanne
Spider:3: layout_spider_delve
Spider:4: hellmonk_spider_rune_endless_swarm, uniq_mlioglotl, uniq_asterion
Slime:1:  layout_caves
Slime:2:  layout_caves, nicolae_slime_phagocytosis
Slime:3:  layout_caves
Slime:4:  layout_caves, dissolution_awaits
Slime:5
Orc:1:    layout_caves
Orc:2:    st_orc_congregation, layout_caves, uniq_saint_roka
Elf:1:    minmay_elf_arrival_circle, layout_loops_corners,
          portal_desolation_entry_holy_temple, kennysheep_underground_church
Depths:1: layout_cross, abyss_entry, reono_crystal_passage, grunt_hell_horde,
          okawaru_altar_gauntlet_db, firewood_loft, serial_bayou_shore_a,
          grunt_megastairs_3, serial_bayou_shore_b

Skill      XL: |  1  2  3  4  5  6  7  8  9 10 11 12 13 14 15 16 17 18 19 20 |
---------------+-------------------------------------------------------------+-----
Fighting       | 1 2 3 5 6 8 10 11 13 15 18 19 20 21 22 23 | 23.3
Stealth        | 2 3 4 5 6 7 8 9 10 11 12 13 14 | 14.0
Spellcasting   | 4 5 6 7 8 9 10 11 12 13 14 15 16 17 | 17.1
Armour         | 4 6 7 |  7.4
Shields        | 4 7 |  7.5
Dodging        | |  2.1

Action                     |  1- 3 |  4- 6 |  7- 9 | 10-12 | 13-15 | 16-18 | 19-21 || total
---------------------------+-------+-------+-------+-------+-------+-------+-------++-------
  Melee: Staff             |       |       |     1 |     6 |     7 |     1 |     7 ||    22
   Cast: Magic Dart        |    57 |   116 |   122 |   126 |   164 |    25 |    21 ||   631
         Searing Ray       |       |     3 |     6 |     7 |    12 |    10 |     1 ||    39
         Iskenderun's Myst |       |     4 |    35 |    79 |   240 |   258 |   164 ||   780
         Call Imp          |       |     1 |       |       |       |       |       ||     1
         Fulminant Prism   |       |     4 |    15 |    93 |   164 |   203 |   137 ||   616
         Momentum Strike   |       |       |       |     5 |     1 |       |       ||     6
         Manifold Assault  |       |       |       |     6 |       |       |       ||     6
         Statue Form       |       |       |       |       |    12 |    43 |    13 ||    68
         Apportation       |       |       |       |       |     1 |       |       ||     1
         Starburst         |       |       |       |       |       |   117 |   103 ||   220
         Summon Cactus Gia |       |       |       |       |       |       |     4 ||     4
Ability: End Transformatio |       |       |       |       |       |     1 |       ||     1
    Use: Scroll            |       |     5 |       |     7 |    11 |     7 |     3 ||    33
         Potion            |       |       |       |     2 |     2 |     2 |       ||     6
 Armour: Robe              |     3 |     1 |     5 |    12 |     3 |    14 |     2 ||    40
         Troll leather arm |       |       |       |     3 |    18 |       |       ||    21
         Skin              |       |       |       |       |    60 |   430 |    66 ||   556
         Acid dragon scale |       |       |       |       |       |       |     4 ||     4
  Dodge: Dodged            |     5 |     9 |    23 |    30 |    96 |   294 |    47 ||   504
  Block: Tower shield      |       |       |       |       |       |       |    53 ||    53

Table legend: (Time is in decaauts)
 A = Elapsed time spent in this place.
 B = Non-inter-level travel time spent in this place.
 C = Inter-level travel time spent in this place.
 D = Time resting spent in this place.
 E = Time spent auto-exploring this place.
 F = Levels seen in this place.
 G = Mean time per level.
                   A        B        C        D        E       F      G
               +--------+--------+--------+--------+--------+-----+--------+
         Total |  32348 |  29631 |   2717 |    779 |  21601 |  39 |  829.4 |
       Dungeon |  14031 |  12971 |   1060 |      0 |  10520 |  15 |  935.4 |
        Temple |     96 |     86 |     10 |      0 |     78 |   1 |   96.0 |
          Lair |   5800 |   5145 |    655 |    217 |   3780 |   5 | 1160.0 |
         Swamp |   4027 |   3750 |    277 |     87 |   2525 |   4 | 1006.8 |
   Spider Nest |   4031 |   3785 |    246 |    270 |   2371 |   4 | 1007.8 |
    Slime Pits |   2668 |   2269 |    399 |    106 |   1317 |   5 |  533.6 |
  Orcish Mines |   1274 |   1204 |     70 |     98 |    755 |   2 |  637.0 |
   Elven Halls |      5 |      5 |      0 |      0 |      0 |   1 |    5.0 |
        Depths |      2 |      2 |      0 |      0 |      0 |   1 |    2.0 |
       Volcano |    410 |    410 |      0 |      0 |    254 |   1 |  410.0 |
               +--------+--------+--------+--------+--------+-----+--------+

Top non-repeatable levels by time:
  Lair:5: 1731 daAuts
     D:6: 1573 daAuts
  Lair:3: 1381 daAuts
Spider:4: 1312 daAuts
 Swamp:4: 1308 daAuts
    D:15: 1277 daAuts
 Swamp:3: 1080 daAuts
     D:2: 1077 daAuts
     D:9: 1022 daAuts
    D:14: 1009 daAuts
Spider:2: 1006 daAuts
     D:5: 1002 daAuts
    D:10: 981 daAuts
  Lair:4: 981 daAuts
 Swamp:1: 942 daAuts
